 Dungeon Crawl Stone Soup version 0.24-a0-433-gbe6fa4f6cc (webtiles) character file.

Game seed: 16908169577616041382

81 theanonym the Magician (level 4, 0/24 HPs)
             Began as a Deep Elf Earth Elementalist on June 14, 2019.
             Slain by a gnoll (8 damage)
             ... on level 3 of the Dungeon.
             The game lasted 00:02:45 (1224 turns).

theanonym the Magician (DEEE)                       Turns: 1224, Time: 00:02:46

Health: 0/24       AC:  3    Str:  5    XL:     4   Next: 19%
Magic:  10/12      EV: 13    Int: 21    God:
Gold:   122        SH:  0    Dex: 15    Spells: 11/12 levels left

rFire    . . .     SeeInvis .   d - +0 whip
rCold    . . .     Gourm    .   (no shield)
rNeg     . . .     Faith    .   c - +0 robe
rPois    .         Spirit   .   (no helmet)
rElec    .         Reflect  .   (no cloak)
rCorr    .         Harm     .   (no gloves)
MR       .....                  u - +0 pair of boots
Stlth    ++........             k - amulet of magic regeneration
HPRegen  0.08/turn              (no ring)
MPRegen  0.38/turn              (no ring)

@: no status effects
A: no striking features
a: no special abilities


   Skills:
 - Level 2.4 Dodging
 - Level 2.4 Stealth
 + Level 4.8 Spellcasting
   Level 1.1 Transmutations
 + Level 4.5 Earth Magic


You had 11 spell levels left.
You knew the following spells:

 Your Spells              Type           Power        Failure   Level  Hunger
a - Sandblast             Erth           ###...       1%          1    None

Your spell library contained the following spells:

 Spells                   Type           Power        Failure   Level  Hunger
 Passwall                 Tmut/Erth      ###.....     5%          2    None
 Stone Arrow              Conj/Erth      ##....       13%         3    ##.....
 Petrify                  Tmut/Erth      ###.....     34%         4    ####...
 Lee's Rapid Deconstruct  Erth           ###.......   43%         5    #####..

Skill      XL: |  1  2 |
---------------+-------+-----
Spellcasting   | 4 |  4.8
Earth Magic    | 4 |  4.5
Dodging        | |  2.4
Stealth        | |  2.4
Transmutations | |  1.1

Action                   |  1- 3 |  4- 6 || total
-------------------------+-------+-------++-------
Melee: Unarmed           |     2 |       ||     2
       Whip              |    10 |       ||    10
 Cast: Sandblast         |    48 |     6 ||    54
  Use: Scroll            |     2 |       ||     2
 Stab: Sleeping          |     1 |       ||     1
  Eat: Chunk             |     1 |       ||     1
Armor: Robe              |     1 |     1 ||     2
Dodge: Dodged            |    19 |     2 ||    21

Inventory:

Hand Weapons
 d - a +0 whip (weapon)
Missiles
 b - 63 stones (quivered)
 m - 4 boomerangs
Armour
 c - a +0 robe (worn)
 u - a +0 pair of boots (worn)
Jewellery
 k - an amulet of magic regeneration (around neck)
Scrolls
 a - a scroll of magic mapping {unknown}
 g - 3 scrolls of amnesia {unknown}
 h - 2 scrolls of enchant armour {unknown}
 i - a scroll of remove curse {unknown}
 l - a scroll of enchant weapon {unknown}
 p - 2 scrolls of teleportation {unknown}
 r - a scroll of identify
 s - a scroll of blinking {unknown}
Potions
 j - 2 potions of agility
 n - a potion of curing {unknown}
 o - a potion of cancellation {unknown}
 q - a potion of lignification {unknown}
 t - a potion of brilliance {unknown}
Comestibles
 e - 4 rations
 f - 2 chunks of flesh


You were on level 3 of the Dungeon.
You were not hungry.

You visited 1 branch of the dungeon, and saw 3 of its levels.

You collected 122 gold pieces.

Dungeon Overview and Level Annotations

Branches:
Dungeon (3/15)

Altars:

......############
###.g........o...
#....).......##
#.########.§.# #.#
#)..# #.# ##...#
#.# #.)..# #†#
#####gg#.#### #<#
#...@......... #.#
#.###..#.##### #.#
#..#.# #.# #..# #
..# #..# ... ...#
#.. #### ###


You could see 2 gnolls and an orc (wandering).

Notes
Turn   | Place    | Note
-------+----------+-------------------------------------------
     0 | D:1      | theanonym the Deep Elf Earth Elementalist began the quest
                  | for the Orb.
     0 | D:1      | Reached XP level 1. HP: 10/10 MP: 6/6
   305 | D:1      | Reached XP level 2. HP: 15/15 MP: 4/8
   580 | D:1      | Reached skill level 4 in Spellcasting
   580 | D:1      | Reached skill level 4 in Earth Magic
   731 | D:2      | Reached XP level 3. HP: 19/19 MP: 8/10
  1210 | D:3      | Reached XP level 4. HP: 24/24 MP: 9/12
  1219 | D:3      | HP: 8/24 [gnoll/+0 spear (8)]
  1224 | D:3      | Slain by a gnoll

Vanquished Creatures
  A gnoll (D:3)
  2 adders
  A dart slug (D:1)
  3 leopard geckos
  4 giant cockroaches
  5 goblins
  8 hobgoblins
  3 jackals (D:2)
  A quokka (D:2)
  2 bats (D:1)
  4 frilled lizards
  6 kobolds
  6 rats
46 creatures vanquished.

Table legend:
 A = Turns spent in this place as a percentage of turns spent in the entire game.
 B = Non-inter-level travel turns spent in this place as a percentage of non-inter-level travel turns spent in the entire game.
 C = Inter-level travel turns spent in this place as a percentage of turns spent in this place.
 D = Turns resting spent in this place as a percentage of non-inter-level travel turns spent in this place.
 E = Turns spent auto-exploring this place as a percentage of non-inter-level travel turns spent in this place.
 F = Non-inter-level travel turns spent in this place divided by the number of levels of this place that you've seen.
                   A       B       C       D       E      F
               +-------+-------+-------+-------+-------+----------------------
         Total | 100.0 | 100.0 |   3.4 |   5.7 |  76.8 | 394.0
       Dungeon | 100.0 | 100.0 |   3.4 |   5.7 |  76.8 | 394.0
               +-------+-------+-------+-------+-------+----------------------
